AoeStats
← Pandao

Pilgrims

509387863Analyzed
4v4 RM · 4d ago on Sep 26, 2026· 40m 35s· 8 players
Game mode
Random Map
Map size
Large (8 player)
Population
200
Speed
Normal
Resources
Standard
Victory
Conquest
Starting age
Dark Age
Ending age
Imperial Age
RankedLock teamsTeams togetherTeam positionsShared explorationLock speedFull tech treeHidden civsTurbo modeCheats
Victory
Defeat
🇩🇪 Persians · Germany
1167
+15
🇬🇷 Britons · Greece
1116
+17
🇦🇹 Ethiopians · Austria
1096
+51
🇩🇪 Romans · Germany
1093
+18
🇨🇿 Bulgarians · Czechia
1182
-19
🇨🇴 Danes · Colombia
1169
-18
🇮🇳 Persians · India
1149
-17
🇨🇱 Vikings · Chile
1078
-14
boo
12:15 Feudal Age
16:25 Castle Age
15:17 Double-Bit Axe
18:53 Medium Warships
21:32 Wheelbarrow
20:47 Crossbowman
21:15 Fishing Lines
23:49 Loom
35:44 Elite Skirmisher
golden Eagle
3:06 Loom
14:20 Feudal Age
16:46 Double-Bit Axe
21:47 Castle Age
20:33 Fishing Lines
22:40 Medium Warships
26:22 Gillnets
36:04 Imperial Age
34:32 Ballistas
38:08 Siege Engineers
39:04 Chemistry
P Dog
11:03 Feudal Age
9:31 Loom
12:04 Double-Bit Axe
17:03 Fletching
17:13 Padded Archer Armor
19:43 Castle Age
20:28 Medium Warships
20:20 Bodkin Arrow
20:55 Bow Saw
21:28 Clinker Construction
22:34 Leather Archer Armor
23:31 Scale Mail Armor
24:24 Careening
24:42 Pikeman
25:51 Chain Mail Armor
26:34 Ballistics
29:15 Forging
35:01 Imperial Age
33:18 Horse Collar
34:59 Wheelbarrow
34:10 Town Watch
34:44 Heavy Plow
36:07 Plate Mail Armor
36:12 Iron Casting
36:35 Scale Barding Armor
37:30 Heavy Warships
37:41 Hand Cart
37:39 Squires
38:02 Town Patrol
38:35 Cavalier
39:16 Husbandry
39:27 Bloodlines
40:09 Chain Barding Armor
40:50 Blast Furnace
Pandao
2:54 Loom
11:30 Feudal Age
17:21 Castle Age
15:19 Fletching
15:51 Double-Bit Axe
15:49 Horse Collar
18:23 Medium Warships
18:59 Bow Saw
18:52 Heavy Plow
18:44 Fishing Lines
19:07 Bodkin Arrow
19:04 Stone Mining
25:08 Wheelbarrow
30:58 Imperial Age
28:43 Padded Archer Armor
28:38 Gold Mining
29:59 Crossbowman
31:09 Thumb Ring
31:53 Ballistics
33:08 Bracer
32:50 Arbalester
37:36 Two-Man Saw
38:31 Chemistry
38:02 Leather Archer Armor
39:53 Siege Engineers
40:54 Conscription
Kovboj
11:38 Feudal Age
12:09 Loom
16:00 Castle Age
15:54 Loom
16:21 Scale Barding Armor
16:46 Double-Bit Axe
17:09 Horse Collar
19:21 Forging
20:13 Fletching
22:27 Wheelbarrow
22:55 Chain Barding Armor
23:06 Bodkin Arrow
26:28 Heavy Plow
34:33 Iron Casting
40:04 Imperial Age
Dante_^
12:23 Feudal Age
17:48 Castle Age
15:48 Gold Mining
15:52 Stone Mining
20:12 Horse Collar
20:21 Double-Bit Axe
20:58 Loom
26:12 Husbandry
27:21 Wheelbarrow
30:54 Hand Cart
31:17 Scale Barding Armor
31:23 Forging
31:36 Fletching
Keth-.
8:46 Loom
12:00 Feudal Age
17:34 Castle Age
15:46 Gold Mining
15:45 Double-Bit Axe
16:49 Fletching
18:01 Fishing Lines
18:51 Bow Saw
18:38 Bodkin Arrow
19:20 Medium Warships
19:36 Town Watch
21:28 Horse Collar
22:49 Ballistics
25:31 Clinker Construction
25:32 Careening
26:39 Gillnets
31:14 Town Patrol
31:37 Padded Archer Armor
34:28 Imperial Age
31:34 Crossbowman
34:32 Capped Ram
34:36 Arbalester
35:36 Bracer
39:15 Siege Ram
jaimeerp
9:22 Loom
11:20 Feudal Age
12:12 Double-Bit Axe
16:51 Castle Age
15:07 Fletching
17:56 Bodkin Arrow
18:15 Medium Warships
19:22 Wheelbarrow
23:26 Bow Saw
31:34 Murder Holes
Connection lost

Rejoining the realm…

Still unreachable

The connection could not be restored.

Session expired

The server has moved on; the page needs a fresh start.